 Dungeon Crawl Stone Soup version 0.24-a0-443-g80245de (webtiles) character file.

Game seed: 7866562078577524966

324 pikmin25 the Caller (level 6, -1/32 HPs)
             Began as a Deep Elf Summoner on June 22, 2019.
             Was an Initiate of Kikubaaqudgha.
             Slain by a sky beast (6 damage)
             ... on level 5 of the Dungeon.
             The game lasted 00:23:31 (4311 turns).

pikmin25 the Caller (Deep Elf Summoner)             Turns: 4311, Time: 00:23:32

Health: -1/32      AC:  3    Str:  5    XL:     6   Next: 23%
Magic:  13/17      EV: 14    Int: 22    God:    Kikubaaqudgha [......]
Gold:   212        SH:  0    Dex: 19    Spells: 8/17 levels left

rFire    . . .     SeeInvis .   o - +1 short sword (venom)
rCold    . . .     Gourm    .   (no shield)
rNeg     . . .     Faith    .   a - +1 robe
rPois    .         Spirit   .   (no helmet)
rElec    .         Reflect  .   (no cloak)
rCorr    .         Harm     .   (no gloves)
MR       .....                  (no boots)
Stlth    ++........             (no amulet)
HPRegen  0.10/turn              n - +4 ring of dexterity
MPRegen  0.15/turn              (no ring)

@: no status effects
A: no striking features
a: Renounce Religion


You were on level 5 of the Dungeon.
You worshipped Kikubaaqudgha.
Kikubaaqudgha was noncommittal.
You were not hungry.

You visited 2 branches of the dungeon, and saw 6 of its levels.

You collected 212 gold pieces.

Inventory:

Hand Weapons
 o - a +1 short sword of venom (weapon)
 q - a +0 dagger of speed
 v - a +0 spear of piercing
Missiles
 k - 37 poisoned darts (quivered)
Armour
 a - a +1 robe (worn)
Jewellery
 n - a +4 ring of dexterity (left hand)
Wands
 l - a wand of random effects (12)
 t - a wand of flame (20)
Scrolls
 b - 3 scrolls of identify
 e - a scroll of enchant weapon
 h - 3 scrolls of teleportation
 i - 5 scrolls of remove curse
 m - 5 scrolls of amnesia
 p - a scroll of magic mapping
Potions
 f - a potion of resistance {unknown}
 j - a potion of might {unknown}
 r - a potion of cancellation {unknown}
 s - a potion of flight {unknown}
 u - a potion of lignification {unknown}
Comestibles
 c - 13 rations


   Skills:
 + Level 0.1 Fighting
 + Level 1.3 Short Blades
 + Level 3.0 Dodging
 + Level 2.8 Stealth
 * Level 6.0 Spellcasting
 * Level 6.3 Summonings


You had 8 spell levels left.
You knew the following spells:

 Your Spells              Type           Power        Failure   Level  Hunger
a - Summon Small Mammal   Summ           ####         1%          1    None
b - Call Imp              Summ           ####....     1%          2    None
c - Call Canine Familiar  Summ           ####....     1%          3    #......
d - Summon Guardian Gole  Hex/Summ       ###.....     8%          3    #......

Your spell library contained the following spells:

 Spells                   Type           Power        Failure   Level  Hunger
 Summon Ice Beast         Ice/Summ       ###.....     24%         4    ###....
 Summon Lightning Spire   Summ/Air       ###.....     24%         4    ###....


Dungeon Overview and Level Annotations

Branches:
Dungeon (5/15)             Temple (1/1) D:4

Altars:
Kikubaaqudgha
Makhleb
Nemelex Xobeh
Okawaru
Qazlal
Xom
Zin
The Shining One


Message History

The hornet buzzes angrily.
Your quokka bites the howler monkey skeleton.
The howler monkey skeleton is destroyed!
Kikubaaqudgha accepts your kill.
Okay, then.
Casting: Summon Small Mammal (safe; 1% risk of failure)
Confirm with . or Enter, or press ? or * to list all spells.
Something hits you but does no damage. Something hits you but does no damage.
Your quokka closely misses something.
Your quokka closely misses something.
Your quokka barely misses something.
Casting: Summon Small Mammal (safe; 1% risk of failure)
Confirm with . or Enter, or press ? or * to list all spells.
A beastly little devil appears in a puff of frigid air.
Your white imp says, "I'm here!"
Something hits you.
* * * LOW HITPOINT WARNING * * *
Something shocks you.
You die...
Kikubaaqudgha rasps: "You have failed me!
Welcome... death!"

##........## ##...
##....##55## #.....
###..###..#####......
#### ##..##....#
##r....# ###r.## #y##
##..#### #@5....#
#..###..... #..##
###.. #..# . #..#
#.## #.# .#


You could see a hornet, a friendly white imp and a friendly quokka.

Vanquished Creatures
  An orc wizard (D:4)
  A worker ant (D:4)
  3 adders (D:4)
  A leopard gecko (D:1)
  2 orcs
  A giant cockroach (D:4)
  2 goblins (D:3)
  A hobgoblin (D:3)
  3 jackals (D:3)
  A ball python (D:4)
  2 rats
18 creatures vanquished.

Vanquished Creatures (collateral kills)
  A bullfrog (D:4)
  A scorpion (D:4)
  A howler monkey (D:3)
  An orc priest (D:4)
  An orc wizard (D:4)
  2 iguanas
  2 worker ants (D:4)
  Robin (D:3)
  A howler monkey skeleton (D:5)
  4 adders
  An ooze (D:4)
  An adder zombie (D:4)
  2 worms (D:2)
  2 dart slugs (D:1)
  A leopard gecko (D:2)
  4 orcs
  A ball python (D:1)
  2 giant cockroaches
  9 goblins
  7 hobgoblins
  4 jackals
  A quokka (D:2)
  4 bats
  3 frilled lizards
  6 kobolds
  A rat (D:1)
64 creatures vanquished.

Grand Total: 82 creatures vanquished

Notes
Turn   | Place    | Note
-------+----------+-------------------------------------------
     0 | D:1      | pikmin25 the Deep Elf Summoner began the quest for the Orb.
     0 | D:1      | Reached XP level 1. HP: 10/10 MP: 6/6
   469 | D:1      | Reached XP level 2. HP: 9/15 MP: 2/8
   924 | D:1      | Learned a level 2 spell: Call Imp
  1045 | D:2      | Reached skill level 5 in Summonings
  1295 | D:2      | Reached XP level 3. HP: 17/19 MP: 4/9
  1775 | D:2      | Learned a level 3 spell: Call Canine Familiar
  2254 | D:3      | Noticed Robin
  2306 | D:3      | Killed Robin
  2343 | D:3      | Reached XP level 4. HP: 21/24 MP: 0/12
  2704 | D:3      | Found a faded altar of an unknown god.
  2952 | D:4      | Found a staircase to the Ecumenical Temple.
  2965 | D:4      | Reached skill level 1 in Short Blades
  2997 | Temple   | Entered the Ecumenical Temple
  3064 | Temple   | Became a worshipper of Kikubaaqudgha
  3127 | D:4      | Reached XP level 5. HP: 19/28 MP: 9/14
  3484 | D:4      | Reached skill level 5 in Spellcasting
  3510 | D:4      | Learned a level 3 spell: Summon Guardian Golem
  3648 | D:4      | Reached XP level 6. HP: 19/32 MP: 9/16
  4199 | D:5      | Entered Level 5 of the Dungeon
  4285 | D:5      | Noticed a sky beast
  4305 | D:5      | Noticed a hornet
  4311 | D:5      | Slain by a sky beast

Levels and vault maps discovered:
D:1:      nicolae_arrival_somewhat_less_tricky_arrival, layout_basic
D:2:      layout_loops_ring, first_ration, dk_vineyard_1,
          kennysheep_big_empty_room
D:3:      layout_rooms, chequers_ecumenical_altar_twisty, serial_curves,
          eino_curves_02, eino_curves_03, eino_curves_04, columned_hall_lemuel,
          uniq_robin
D:4:      layout_basic, minmay_temple_entry_statues, minivault_5, minmay_vboxes
D:5:      wander_river, layout_cave_pods, enter_ossuary_4
Temple:   roderic_octagonal_lattice_temple

Skill      XL: |  1  2  3  4  5  6 |
---------------+-------------------+-----
Summonings     | 5 6 |  6.3
Spellcasting   | 4 5 6 |  6.0
Short Blades   | 1 |  1.3
Dodging        | 3 |  3.0
Fighting       | |  0.1
Stealth        | |  2.8

Action                   |  1- 3 |  4- 6 || total
-------------------------+-------+-------++-------
Melee: Unarmed           |    51 |       ||    51
       Short sword       |     2 |    44 ||    46
 Cast: Summon Small Mamm |    58 |     9 ||    67
       Call Imp          |    12 |    19 ||    31
       Call Canine Famil |     6 |     5 ||    11
       Summon Guardian G |       |     1 ||     1
  Use: Potion            |     2 |       ||     2
       Scroll            |       |    10 ||    10
 Stab: Sleeping          |     2 |       ||     2
  Eat: Chunk             |     4 |     4 ||     8
       Ration            |       |     1 ||     1
Armor: Robe              |    16 |    15 ||    31
Dodge: Dodged            |   104 |    55 ||   159

Table legend:
 A = Non-vault XP
 B = Vault XP
 C = Vault XP percentage of total XP
 D = Non-vault monster count
 E = Vault monster count
 F = Vault count percentage of total count
                 A         B        C        D         E       F
            +---------+---------+-------+---------+---------+-------
      Total |     350 |     113 |  24.4 |      63 |      19 |  23.2
            +---------+---------+-------+---------+---------+-------
        D:1 |      24 |       0 |   0.0 |      20 |       0 |   0.0
        D:2 |      39 |       0 |   0.0 |      14 |       0 |   0.0
        D:3 |      45 |      23 |  33.8 |      11 |      13 |  54.2
        D:4 |     214 |      90 |  29.6 |      16 |       6 |  27.3
        D:5 |      28 |       0 |   0.0 |       2 |       0 |   0.0
            +---------+---------+-------+---------+---------+-------
